 Dungeon Crawl Stone Soup version 0.28.0-45-g0d030f2227 (webtiles) character file.

Game seed: 10853067194484242023

63 pkoi the Charlatan (level 3, -1/27 HPs)
             Began as a Demigod Artificer on Apr 11, 2022.
             Succumbed to an adder's poison
             ... on level 2 of the Dungeon.
             The game lasted 00:02:47 (3424 turns).

pkoi the Charlatan (Demigod Artificer)              Turns: 3424, Time: 00:02:48

Health: -1/27      AC:  4    Str: 13    XL:     3   Next: 63%
Magic:  5/5        EV: 11    Int: 17    God:
Gold:   76         SH:  0    Dex: 14    Spells: 2/2 levels left

rFire   . . .      SeeInvis .   g - +0 dagger (freeze)
rCold   . . .      Faith    .   (no shield)
rNeg    . . .      Spirit   .   b - +0 leather armour
rPois   .          Reflect  .   (no helmet)
rElec   .          Harm     .   f - +0 cloak
rCorr   .          Rampage  .   (no gloves)
Will    .....                   (no boots)
Stlth   +.........              (no amulet)
HPRegen 0.09/turn               (no ring)
MPRegen 0.09/turn               (no ring)

@: lethally poisoned (-1 -> -8)
A: high MP 1, forlorn, divine attributes
a: no special abilities


You were on level 2 of the Dungeon.
You visited 1 branch of the dungeon, and saw 2 of its levels.

You collected 76 gold pieces.

Inventory:

Hand Weapons
 a - a +0 club
 g - a +0 dagger of freezing (weapon)
 h - a +0 whip
 m - a +1 spear
Armour
 b - a +0 leather armour (worn)
 f - a +0 cloak (worn)
Wands
 c - a wand of flame (8) (quivered)
 d - a wand of charming (10)
Scrolls
 i - a scroll of acquirement {unknown}
Miscellaneous
 e - a piece from Xom's chessboard (15/15)


   Skills:
 - Level 0.8 Fighting
 - Level 1.7 Armour
 - Level 0.8 Dodging
 - Level 0.8 Stealth
 + Level 4.4 Evocations


You had 2 spell levels left.
You didn't know any spells.
Your spell library was empty.

Dungeon Overview and Level Annotations

Branches:
Dungeon (2/15)


Innate Abilities, Weirdness & Mutations

You have an increased reservoir of magic. (+10% MP)
You shall have no god before yourself.
Your divine heritage dramatically boosts your attributes as you level up.


Message History

You are poisoned.
The adder poisons you! The adder closely misses you.
You closely miss the adder.
The adder is moderately wounded.
You feel sick. The adder bites you.
* * * LOW HITPOINT WARNING * * *
You hit the adder but do no damage.
The adder is moderately wounded.
You feel sick. The adder bites you.
* * * LOW HITPOINT WARNING * * *
You miss the adder.
The adder is moderately wounded.
You feel sick. The adder closely misses you. x2
You closely miss the adder.
The adder is moderately wounded.
You feel sick. The adder bites you but does no damage.
You closely miss the adder.
The adder is moderately wounded.
You feel sick. The adder bites you but does no damage.
You hit the adder but do no damage.
The adder is lightly wounded.
You feel sick. The adder closely misses you.
Unknown command.
Aiming: Throw Flame
Press: ? - help, Shift-Dir - straight line, f - adder
Aim: an adder (lightly wounded, 57% to hit)
The puff of flame hits the adder!
The adder is almost dead.
You feel sick.
You are no longer poisoned.
The adder bites you.
* * * LOW HITPOINT WARNING * * *
You are lethally poisoned!
The adder poisons you! The adder misses you.
You aren't carrying any potions.
Aiming: Throw Flame
Press: ? - help, Shift-Dir - straight line, f/p - adder
Aim: an adder (almost dead, 57% to hit)
The puff of flame misses the adder.
You die...

... #.. ## #.# .
#.# # #.#.#.#
#.#.#.## #+##
#.S..$.##8.8##
#@# ##.....##
#.###8.....8##
#.##.........##
#.#8.........8###
#.'.....[.....+.#
###8.........8#.#
##........^##.
##8.....8##.# #.#
##.....###.#


You could see an adder.

Vanquished Creatures
  An adder (D:2)
  2 worms (D:2)
  3 ball pythons
  9 bats
  2 endoplasms
  2 giant cockroaches (D:1)
  4 goblins
  4 hobgoblins (D:1)
  4 quokkas (D:1)
  4 frilled lizards
  5 kobolds
  4 rats (D:1)
44 creatures vanquished.

Vanquished Creatures (collateral kills)
  A ball python (D:2)
1 creature vanquished.

Vanquished Creatures (others)
  A kobold (D:2)
1 creature vanquished.

Grand Total: 46 creatures vanquished

Notes
Turn   | Place    | Note
-------+----------+-------------------------------------------
     0 | D:1      | pkoi the Demigod Artificer began the quest for the Orb.
     0 | D:1      | Reached XP level 1. HP: 15/15 MP: 3/3
   188 | D:1      | Reached skill level 3 in Evocations
   564 | D:1      | Reached XP level 2. HP: 21/22 MP: 4/4
  2106 | D:1      | Reached XP level 3. HP: 22/27 MP: 5/5
  2305 | D:2      | Reached skill level 4 in Evocations
  3423 | D:2      | HP: 1/27 [adder (1)]
  3424 | D:2      | Succumbed to an adder's poison

Illustrated notes

Levels and vault maps discovered:
D:1:      minmay_arrival_semitransparent, layout_loops_cross,
          dreamdust_ecumenical_altar_hidden_monk_grotto,
          minmay_misc_feat_diagonals, chequers_hall_statues_corner_a
D:2:      layout_loops_ring, serial_shops, shop, dk_noncrumbling_4,
          minmay_unequal

Skill      XL: |  1  2  3 |
---------------+----------+-----
Evocations     | 3 4 |  4.4
Fighting       | |  0.8
Armour         | |  1.7
Dodging        | |  0.8
Stealth        | |  0.8

Action                   || total
-------------------------++-------
Melee: Club              ||   142
       Spear             ||    68
       Punch             ||     1
       Dagger            ||    42
Evoke: Wand              ||    12
  Use: Potion            ||     4
       Scroll            ||     4
 Stab: Sleeping          ||     3
Armor: Leather armour    ||   107
Dodge: Dodged            ||   180
